[Event "Titled Tuesday Blitz July 18 Late 2023"]
[White "Ganiev, Roman"]
[Black "Chor, Kevin"]
[WhiteFideId "4131452"]
[BlackFideId "2090740"]
[WhiteElo "2609"]
[BlackElo "2521"]
[Result "0-1"]
[Round "9"]
[TimeControl "180+2"]
[Date "2023.07.18"]
[WhiteClock "0:00:00"]
[BlackClock "0:00:06"]
[Board "39"]

1. e4 c5 2. Nf3 Nc6 3. Bb5 Qb6 4. Nc3 e6 5. Bxc6 bxc6 6. O-O Ne7 7. b3 Ng6 8. Bb2 Qc7 9. Re1 Be7 10. e5 O-O 11. Ne4 f6 12. exf6 gxf6 13. d3 d5 14. Ng3 e5 15. h3 Bd7 16. Qd2 Nf4 17. Ne2 Ng6 18. Qh6 Rf7 19. Ng3 Bf8 20. Qh5 Nf4 21. Qh4 Qd6 22. Nh5 Ng6 23. Qg3 Re8 24. Nh4 f5 25. Nxg6 hxg6 26. Bxe5 Rxe5 27. Rxe5 Kh7 28. Rae1 gxh5 29. Qf3 Qg6 30. Kf1 Bd6 31. R5e2 f4 32. Kg1 Bg4 33. hxg4 hxg4 34. Re6 gxf3 35. Rxg6 Kxg6 36. Re6+ Rf6 37. Re8 fxg2 38. Kxg2 Kf5 39. Ra8 Rf7 40. Kf3 Rh7 41. Rc8 Rc7 42. Rd8 Be5 43. Rg8 Bf6 44. Rf8 Rh7 45. Ra8 Rh3+ 46. Kg2 Kg4 47. f3+ Kh4 48. Rf8 Rg3+ 49. Kf2 Bd4+ 50. Ke2 Rg2+ 51. Kd1 Kg3 52. Rf5 Kxf3 53. Kc1 Ke3 54. c3 Bxc3 55. Rf8 Kxd3 0-1


[Site "https://www.chess.com"]

[Event "Titled Tuesday Blitz July 18 Late 2023"]
[White "Van Foreest, Machteld"]
[Black "Piesik, Piotr"]
[WhiteFideId "1051563"]
[BlackFideId "1136194"]
[WhiteElo "2515"]
[BlackElo "2607"]
[Result "1-0"]
[Round "9"]
[TimeControl "180+2"]
[Date "2023.07.18"]
[WhiteClock "0:00:09"]
[BlackClock "0:00:05"]
[Board "40"]

1. e4 g6 2. d4 Bg7 3. Nf3 c6 4. Nc3 d6 5. Be2 Nd7 6. O-O Ngf6 7. h4 e5 8. a4 O-O 9. Be3 Re8 10. dxe5 dxe5 11. Qd2 Qe7 12. Rad1 Nc5 13. Bg5 Bg4 14. Qe3 a5 15. Rd2 Rad8 16. Rfd1 Rxd2 17. Rxd2 Bxf3 18. Bxf3 Ne6 19. h5 Nxg5 20. Qxg5 Nd7 21. Qe3 Nc5 22. Bg4 Bf8 23. Rd1 Rd8 24. Rxd8 Qxd8 25. hxg6 hxg6 26. Be2 Qd4 27. b3 Qxe3 28. fxe3 Nd7 29. Kf2 Bb4 30. Nd1 Nc5 31. Kf3 Bd2 32. Nb2 Kf8 33. Nc4 Bc3 34. Nd6 Ke7 35. Nc4 Ke6 36. Nb6 Bb4 37. Bc4+ Ke7 38. Nc8+ Kd7 39. Nb6+ Kc7 40. Na8+ Kb8 41. Nb6 Ka7 42. Nc8+ Kb8 43. Nd6 f6 44. Ne8 Nd7 45. Bf7 g5 46. Be6 Nf8 47. Bf7 Be7 48. Kg4 Kc8 49. Kf5 Kd8 50. Nxf6 Bxf6 51. Kxf6 Nd7+ 52. Kxg5 Ke7 53. Bc4 Nc5 54. Kf5 Kd6 55. g4 Nd7 56. g5 Ke7 57. g6 Nf6 58. g7 1-0


[Site "https://www.chess.com"]

[Event "Titled Tuesday Blitz July 18 Late 2023"]
[White "Toniutti, Ezio"]
[Black "Vaibhav Jayant Raut"]
[WhiteFideId "113034"]
[BlackFideId "5089034"]
[WhiteElo "2488"]
[BlackElo "2607"]
[Result "1-0"]
[Round "9"]
[TimeControl "180+2"]
[Date "2023.07.18"]
[WhiteClock "0:00:11"]
[BlackClock "0:00:02"]
[Board "41"]

1. d4 Nf6 2. c4 e6 3. g3 Bb4+ 4. Bd2 c5 5. Bxb4 cxb4 6. Bg2 O-O 7. e4 d5 8. cxd5 exd5 9. e5 Ne4 10. Ne2 Nc6 11. O-O f6 12. Nd2 Nxd2 13. Qxd2 fxe5 14. dxe5 Nxe5 15. Qxd5+ Qxd5 16. Bxd5+ Kh8 17. Nf4 Bg4 18. Rfe1 Nf3+ 19. Bxf3 Bxf3 20. Re3 Bc6 21. h4 Rae8 22. Rae1 Rxe3 23. Rxe3 Rd8 24. Kf1 Rd1+ 25. Ke2 Rb1 26. Nd3 a5 27. Kd2 Ra1 28. Ne5 g6 29. Ng4 Kg7 30. Re7+ Kf8 31. Rxh7 Rxa2 32. Ne5 Rxb2+ 33. Ke3 a4 34. Nxg6+ Ke8 35. Re7+ Kd8 36. h5 Rb1 37. h6 Rh1 38. h7 a3 39. Nh4 Re1+ 40. Kd4 Rxe7 41. h8=Q+ Kc7 42. Nf5 Re4+ 43. Kd3 a2 44. Qg7+ Kb6 45. Nd6 Re1 46. Nc4+ Kb5 47. Qg5+ Ka4 48. Qa5+ Kb3 49. Nd2+ Kb2 50. Qxb4+ Kc1 51. Qc3+ Kd1 52. Qc2# 1-0


[Site "https://www.chess.com"]

[Event "Titled Tuesday Blitz July 18 Late 2023"]
[White "Pinheiro, Iung Alicio de O."]
[Black "Erzhanov, Arman"]
[WhiteFideId "2104350"]
[BlackFideId "4138821"]
[WhiteElo "2605"]
[BlackElo "2511"]
[Result "1-0"]
[Round "9"]
[TimeControl "180+2"]
[Date "2023.07.18"]
[WhiteClock "0:00:10"]
[BlackClock "0:00:27"]
[Board "42"]

1. d4 d6 2. e4 Nf6 3. Nc3 c6 4. Bg5 Nbd7 5. f4 h6 6. Bh4 e5 7. dxe5 dxe5 8. fxe5 Nxe5 9. Qxd8+ Kxd8 10. O-O-O+ Kc7 11. Bg3 Bd6 12. Nf3 Re8 13. Nd4 a6 14. Be2 Nfg4 15. Rdf1 f6 16. Nb3 Nf7 17. Bf3 Bxg3 18. hxg3 Nd6 19. Re1 Re7 20. a4 Bd7 21. a5 Rae8 22. Nc5 Bc8 23. b3 Re5 24. b4 Nc4 25. Nd3 R5e7 26. Ne2 Nge5 27. Nd4 Nd6 28. Nb3 Nec4 29. Ndc5 f5 30. Nd2 Nxd2 31. Kxd2 fxe4 32. Bh5 Rd8 33. Kc3 Nb5+ 34. Kb2 Rd2 35. Rxe4 Rxe4 36. Nxe4 Rxg2 37. Bf3 Rxc2+ 38. Kxc2 Nd4+ 39. Kd3 Nxf3 40. Ke3 Ne5 41. Kd4 Nf3+ 42. Ke3 Ne5 43. Rf1 Be6 44. Kd4 Nd7 45. Nc5 Nxc5 46. bxc5 Kd7 47. Ke5 Bc4 48. Rf8 g6 49. Rb8 Kc7 50. Re8 h5 51. Re7+ Kc8 52. Kd6 g5 53. Re8# 1-0


[Site "https://www.chess.com"]

[Event "Titled Tuesday Blitz July 18 Late 2023"]
[White "Krishnan, Varun"]
[Black "ArchibaldCerveza29"]
[WhiteFideId "5054508"]
[WhiteElo "2604"]
[BlackElo "2465"]
[Result "0-1"]
[Round "9"]
[TimeControl "180+2"]
[Date "2023.07.18"]
[WhiteClock "0:00:00"]
[BlackClock "0:00:11"]
[Board "43"]

1. a3 d5 2. d4 Bf5 3. Nf3 Nf6 4. e3 e6 5. c4 c6 6. Nc3 Bd6 7. Bd3 Bg6 8. O-O O-O 9. b4 Nbd7 10. Bb2 a6 11. c5 Bc7 12. Qc2 Re8 13. a4 e5 14. Bxg6 hxg6 15. dxe5 Ng4 16. e4 Ndxe5 17. Nxe5 Bxe5 18. h3 Nf6 19. Rad1 d4 20. f4 Bc7 21. e5 Nh5 22. Ne4 Qh4 23. Rxd4 Rad8 24. Qc3 Rxd4 25. Qxd4 Rd8 26. Nd6 Ng3 27. Rf2 Nf5 28. Qc4 Bxd6 29. cxd6 Qg3 30. Qc3 Qh4 31. Re2 Ng3 32. Re3 Nf5 33. Re2 Ng3 34. Re1 Nf5 35. b5 axb5 36. axb5 Qxf4 37. bxc6 bxc6 38. Qxc6 Qb4 39. Qc3 Qb6+ 40. Kh2 Qf2 41. Re4 Qf1 42. Rg4 Qf2 43. e6 fxe6 44. Rxg6 Qf4+ 45. Kg1 Rd7 46. Qc7 Rxc7 47. dxc7 Qxc7 48. h4 Qb6+ 0-1


[Site "https://www.chess.com"]

[Event "Titled Tuesday Blitz July 18 Late 2023"]
[White "Glavina, Pablo"]
[Black "Diano, Eden"]
[WhiteFideId "100234"]
[BlackFideId "5203708"]
[WhiteElo "2476"]
[BlackElo "2602"]
[Result "1-0"]
[Round "9"]
[TimeControl "180+2"]
[Date "2023.07.18"]
[WhiteClock "0:01:12"]
[BlackClock "0:01:17"]
[Board "44"]

1. c4 e5 2. Nc3 f5 3. g3 Nf6 4. Nf3 d6 5. d4 e4 6. Nd2 c6 7. d5 Nbd7 8. f3 e3 9. Nb3 Qb6 10. Qd3 Ne5 11. Qxe3 Qxe3 12. Bxe3 Nxc4 13. Bg5 Nxd5 14. Nxd5 cxd5 15. O-O-O Be6 16. Nd4 Kf7 17. Bh3 g6 18. e4 dxe4 19. fxe4 Rc8 20. Kb1 h6 21. Nxe6 hxg5 22. exf5 gxf5 23. Bxf5 Ne3 24. Nxg5+ Kf6 25. Bxc8 Nxd1 26. Ne4+ Ke5 27. Bxb7 d5 28. Rxd1 dxe4 29. Re1 Rxh2 30. Bxe4 Bb4 31. Rh1 Re2 32. Bc2 Rg2 33. a3 Bc5 34. Rh5+ Kd6 35. Be4 Rg1+ 36. Ka2 Bf2 37. Rd5+ Kc7 38. Rf5 Bxg3 39. Rf7+ Kb6 40. Rb7+ Ka6 41. Rb3 Be5 42. Bd3+ Ka5 43. Rb5+ Ka4 44. b3# 1-0


[Site "https://www.chess.com"]

[Event "Titled Tuesday Blitz July 18 Late 2023"]
[White "Fonseca Manrique, Enrique"]
[Black "Silva Lucena, Cristian"]
[WhiteFideId "5114330"]
[BlackFideId "2232588"]
[WhiteElo "2589"]
[BlackElo "2427"]
[Result "1-0"]
[Round "9"]
[TimeControl "180+2"]
[Date "2023.07.18"]
[WhiteClock "0:00:58"]
[BlackClock "0:00:19"]
[Board "45"]

1. e4 e5 2. Nf3 Nc6 3. Bb5 a6 4. Ba4 Nf6 5. O-O Be7 6. d3 b5 7. Bb3 O-O 8. c3 d6 9. h3 h6 10. Nbd2 Be6 11. Bc2 Rb8 12. a3 d5 13. Re1 dxe4 14. Nxe4 Nxe4 15. Rxe4 Bd6 16. Re1 f5 17. Bb3 Bxb3 18. Qxb3+ Kh7 19. Bd2 Qd7 20. Rad1 Rbe8 21. Be3 Qf7 22. Qc2 Kh8 23. Re2 Qh5 24. Rde1 e4 25. dxe4 fxe4 26. Nd4 Qe5 27. g3 Nxd4 28. Bxd4 Qf5 29. Rxe4 Rxe4 30. Qxe4 Qxh3 31. Qg6 Rg8 32. Re8 Rxe8 33. Qxg7# 1-0


[Site "https://www.chess.com"]

[Event "Titled Tuesday Blitz July 18 Late 2023"]
[White "Golubev, Mikhail"]
[Black "Bogaudinov, Rushan"]
[WhiteFideId "14100983"]
[BlackFideId "4129288"]
[WhiteElo "2581"]
[BlackElo "2392"]
[Result "0-1"]
[Round "9"]
[TimeControl "180+2"]
[Date "2023.07.18"]
[WhiteClock "0:00:00"]
[BlackClock "0:00:13"]
[Board "46"]

1. e4 c5 2. Nf3 Nc6 3. Nc3 e6 4. d4 cxd4 5. Nxd4 a6 6. Be3 Qc7 7. Bd3 b5 8. Nxc6 dxc6 9. O-O c5 10. a4 b4 11. Nb1 Nf6 12. Nd2 Bb7 13. f3 Be7 14. Qe2 h5 15. Nc4 h4 16. e5 Nd7 17. Bf2 h3 18. g4 Nb6 19. Nxb6 Qxb6 20. Be4 O-O 21. Rad1 Rfd8 22. b3 Bc6 23. Bxc6 Qxc6 24. Qe4 Qxe4 25. fxe4 c4 26. bxc4 Rdc8 27. Rd7 Bf8 28. c5 Rd8 29. Rfd1 Rxd7 30. Rxd7 Rc8 31. c6 Rxc6 32. Rd8 f6 33. exf6 gxf6 34. Bh4 Kf7 35. Bxf6 Bc5+ 36. Bd4 e5 37. Bxc5 Rxc5 38. Rd6 Rxc2 39. Rxa6 b3 40. Rb6 b2 41. g5 Rc1+ 42. Kf2 b1=Q 43. Rxb1 Rxb1 44. Kg3 Kg6 0-1


[Site "https://www.chess.com"]

[Event "Titled Tuesday Blitz July 18 Late 2023"]
[White "Bartel, Michal"]
[Black "Vujacic, Igor"]
[WhiteFideId "1119257"]
[BlackFideId "932620"]
[WhiteElo "2580"]
[BlackElo "2347"]
[Result "1-0"]
[Round "9"]
[TimeControl "180+2"]
[Date "2023.07.18"]
[WhiteClock "0:01:34"]
[BlackClock "0:00:00"]
[Board "47"]

1. e4 c5 2. Ne2 Nc6 3. g3 g6 4. Bg2 Bg7 5. c3 Nf6 6. d4 cxd4 7. cxd4 d5 8. e5 Nd7 9. Bxd5 Nb6 10. Bg2 Bf5 11. Nbc3 Nb4 12. Ne4 O-O 13. a3 N4d5 14. O-O Rc8 15. N2c3 f6 16. exf6 exf6 17. Nc5 Nxc3 18. bxc3 Rf7 19. g4 Bd7 20. Nxb7 Qc7 21. Nc5 f5 22. g5 Bb5 23. Re1 Bc4 24. a4 a5 25. Rb1 Rd8 26. Qc2 Rc8 27. Qb2 Nd7 28. Nxd7 Qxd7 29. Ra1 1-0


[Site "https://www.chess.com"]

[Event "Titled Tuesday Blitz July 18 Late 2023"]
[White "Altman, Joshua"]
[Black "disciplinedbrat"]
[WhiteFideId "426210"]
[WhiteElo "2563"]
[BlackElo "2274"]
[Result "1-0"]
[Round "9"]
[TimeControl "180+2"]
[Date "2023.07.18"]
[WhiteClock "0:00:27"]
[BlackClock "0:00:39"]
[Board "48"]

1. Nf3 g6 2. d4 Bg7 3. c4 d6 4. Nc3 a6 5. Bg5 Nd7 6. e3 Ngf6 7. Be2 O-O 8. Qc2 Rb8 9. a4 c6 10. O-O e5 11. Rfd1 h6 12. dxe5 hxg5 13. exf6 Qxf6 14. Ne4 Qxb2 15. Qxb2 Bxb2 16. Rab1 Bg7 17. Nxd6 g4 18. Ng5 Ne5 19. c5 Bh6 20. Nge4 f5 21. Nxc8 Rfxc8 22. Nd6 Rc7 23. Bxa6 Ra8 24. Bxb7 Rxa4 25. Ra1 Rxa1 26. Rxa1 Bf8 27. Ba6 Ra7 28. Bc4+ Nxc4 29. Rxa7 Bxd6 30. cxd6 Nxd6 31. Ra6 Ne4 32. Rxc6 Kg7 33. Kf1 Kh6 34. Ke2 Kg5 35. f3 gxf3+ 36. gxf3 1-0


[Site "https://www.chess.com"]

[Event "Titled Tuesday Blitz July 18 Late 2023"]
[White "Cordova, Emilio"]
[Black "Besedes, Danilo"]
[WhiteFideId "3801497"]
[BlackFideId "946796"]
[WhiteElo "2799"]
[BlackElo "2550"]
[Result "0-1"]
[Round "9"]
[TimeControl "180+2"]
[Date "2023.07.18"]
[WhiteClock "0:01:09"]
[BlackClock "0:00:09"]
[Board "49"]

1. e4 g6 2. d4 Bg7 3. h4 h6 4. h5 g5 5. f4 gxf4 6. Bxf4 d6 7. Nc3 Nc6 8. Nf3 Bg4 9. d5 Ne5 10. Bb5+ Kf8 11. Be2 Bxf3 12. gxf3 c6 13. Qd2 cxd5 14. Nxd5 Nf6 15. Nxf6 Bxf6 16. Bxh6+ Ke8 17. Be3 a6 18. O-O-O Rc8 19. Kb1 Nc4 20. Bxc4 Rxc4 21. c3 b5 22. h6 b4 23. Qd5 Qc8 24. cxb4 Rxb4 25. Rd2 Qc3 26. Qa8+ Kd7 27. Qa7+ Ke6 28. Rhh2 Rc8 29. a3 Qc1+ 30. Ka2 Qc4+ 31. Kb1 Qf1+ 32. Ka2 Rc1 33. Rd1 Rxd1 0-1


[Site "https://www.chess.com"]

[Event "Titled Tuesday Blitz July 18 Late 2023"]
[White "Leenhouts, Koen"]
[Black "Zelbel, Patrick"]
[WhiteFideId "1008439"]
[BlackFideId "24624322"]
[WhiteElo "2525"]
[BlackElo "2761"]
[Result "0-1"]
[Round "9"]
[TimeControl "180+2"]
[Date "2023.07.18"]
[WhiteClock "0:00:01"]
[BlackClock "0:00:12"]
[Board "50"]

1. d4 Nf6 2. c4 c5 3. d5 b5 4. cxb5 a6 5. bxa6 e6 6. Nc3 exd5 7. Nxd5 Be7 8. Nf3 O-O 9. e3 Nxa6 10. Bc4 Nxd5 11. Bxd5 Rb8 12. O-O Nb4 13. e4 Nxd5 14. exd5 Bf6 15. d6 Rb6 16. Be3 Bb7 17. Bxc5 Rxb2 18. Rb1 Rxb1 19. Qxb1 Qa8 20. Qf5 Bc6 21. Ng5 Bxg5 22. Qxg5 Qxa2 23. Re1 h6 24. Qe3 Ra8 25. h4 Ra4 26. Qg3 Qd5 27. Be3 Rxh4 28. Rb1 Kh7 29. f3 Ra4 30. Re1 Qd3 31. Bf2 Ra5 32. Qf4 Rh5 33. Qxf7 Rf5 34. Qe7 Rg5 35. Qe3 Qg6 36. g3 Rf5 37. f4 Qh5 38. Kf1 Bb5+ 39. Kg1 Bc6 40. Kf1 Ra5 41. Qd3+ Kh8 42. Qc3 Ra2 43. Bg1 Qh3# 0-1


[Site "https://www.chess.com"]

[Event "Titled Tuesday Blitz July 18 Late 2023"]
[White "Morefield, Jason"]
[Black "Rottenwohrer Suarez, Juan"]
[WhiteFideId "30920825"]
[BlackFideId "32068182"]
[WhiteElo "2740"]
[BlackElo "2523"]
[Result "1/2-1/2"]
[Round "9"]
[TimeControl "180+2"]
[Date "2023.07.18"]
[WhiteClock "0:00:05"]
[BlackClock "0:00:03"]
[Board "51"]

1. e4 e6 2. d4 d5 3. e5 c5 4. c3 Ne7 5. Nf3 Nbc6 6. Bd3 Bd7 7. O-O cxd4 8. cxd4 Qb6 9. Nc3 Nxd4 10. Nxd4 Qxd4 11. Re1 Qb6 12. Bg5 Rc8 13. Rc1 Ng6 14. Qg4 Bc5 15. Qg3 O-O 16. h4 h6 17. Bxh6 gxh6 18. h5 Bxf2+ 19. Qxf2 Qxf2+ 20. Kxf2 Nf4 21. Be2 f6 22. exf6 Rxf6 23. Kg3 Kh8 24. Bf3 Rg8+ 25. Kh2 Nd3 26. Rcd1 Nxe1 27. Rxe1 d4 28. Ne4 Rf4 29. Nc5 Bc8 30. Nxe6 Re8 31. Nxf4 Rxe1 32. Kg3 Be6 33. a3 Bf7 34. Bxb7 Rb1 35. Be4 Rxb2 36. Kg4 Rb3 37. a4 Re3 38. Kf5 Be8 39. Ke5 Bc6 40. Nd5 Bxd5 41. Kxd5 a5 42. Kxd4 Re2 43. Bf3 Ra2 44. Bc6 Ra3 45. Kc5 Re3 46. Kb6 Re6 47. g4 Kg7 48. Kb5 Kf6 49. Bd7 Rd6 50. Bf5 Rd5+ 51. Kc6 Ke5 52. Kb6 Kd4 53. Bc8 Kc3 54. Be6 Rg5 55. Bf5 Kb4 56. Bd7 Rd5 57. Kc7 Rd4 58. Kd8 Re4 59. Bc6 Rxg4 60. Ke7 Rg5 61. Be8 Rg3 62. Kf6 Rg5 63. Bg6 Kxa4 64. Kg7 Rg3 65. Kxh6 Kb4 66. Kg7 a4 67. h6 Rh3 68. h7 a3 69. Bf7 Rg3+ 70. Kf8 Rh3 71. Kg8 Kc3 72. h8=Q+ Rxh8+ 73. Kxh8 Kb2 74. Kg7 a2 75. Bxa2 1/2-1/2


[Site "https://www.chess.com"]

[Event "Titled Tuesday Blitz July 18 Late 2023"]
[White "Mikhailovsky, Vladimir"]
[Black "D`Arruda, Ricardo D."]
[WhiteFideId "34105414"]
[BlackFideId "100692"]
[WhiteElo "2720"]
[BlackElo "2520"]
[Result "1-0"]
[Round "9"]
[TimeControl "180+2"]
[Date "2023.07.18"]
[WhiteClock "0:00:16"]
[BlackClock "0:00:16"]
[Board "52"]

1. d4 Nf6 2. c4 e5 3. dxe5 Ne4 4. a3 Nc6 5. Nf3 d6 6. exd6 Bxd6 7. Nbd2 Bf5 8. Nxe4 Bxe4 9. g3 Qf6 10. Bg2 O-O-O 11. Qa4 Rhe8 12. O-O h6 13. Rd1 g5 14. Be3 Qxb2 15. Nd4 Bxg2 16. Kxg2 Nxd4 17. Bxd4 Qxe2 18. Qxa7 Qe4+ 19. Kg1 b6 20. c5 bxc5 21. Bf6 Be7 22. Re1 Qf3 23. Bxe7 Rd2 24. Bxc5 Rxe1+ 25. Rxe1 Rd1 26. Qa6+ Kb8 27. Qb5+ Kc8 28. Qa6+ Kb8 29. Ba7+ Ka8 30. Bb6+ Kb8 31. Qa7+ Kc8 32. Qxc7# 1-0


[Site "https://www.chess.com"]

[Event "Titled Tuesday Blitz July 18 Late 2023"]
[White "Kleiman, Jake"]
[Black "Papp, Levente"]
[WhiteFideId "2020041"]
[BlackFideId "751243"]
[WhiteElo "2501"]
[BlackElo "2707"]
[Result "1-0"]
[Round "9"]
[TimeControl "180+2"]
[Date "2023.07.18"]
[WhiteClock "0:00:15"]
[BlackClock "0:00:00"]
[Board "53"]

1. e4 e6 2. d3 d5 3. Qe2 dxe4 4. dxe4 e5 5. Nf3 Nc6 6. c3 Nf6 7. Qc2 a5 8. Bc4 Bc5 9. O-O O-O 10. h3 Qe7 11. a4 Be6 12. Qb3 Nxe4 13. Bxe6 Qxe6 14. Qxe6 fxe6 15. Nbd2 Nxd2 16. Nxd2 Rad8 17. Ne4 Bb6 18. Bg5 Rd5 19. Rae1 h6 20. Be3 Bxe3 21. Rxe3 Rfd8 22. Ree1 b6 23. g3 Ne7 24. Kg2 Nf5 25. Re2 Kf7 26. Rfe1 Nd6 27. Nd2 Kf6 28. Nf1 Nf5 29. Nh2 Rd1 30. Ng4+ Ke7 31. Rxd1 Rxd1 32. Nxe5 Kd6 33. Nc4+ Ke7 34. h4 Ra1 35. Na3 Nd6 36. h5 Kf6 37. g4 e5 38. f3 Nf7 39. Nb5 Rxa4 40. Nxc7 Ng5 41. Ne8+ Kf7 42. Rxe5 Ne6 43. Nd6+ Ke7 44. Nf5+ Kf6 45. Re3 Ra2 46. Kg3 Rxb2 47. Nd6 Ke7 48. Nc4 Rb5 49. f4 Kf6 50. Ne5 Rd5 51. Nf3 a4 52. c4 Rc5 53. Nd2 b5 54. Ne4+ Kf7 55. Nxc5 Nxc5 56. cxb5 Ne6 57. Ra3 1-0


[Site "https://www.chess.com"]

[Event "Titled Tuesday Blitz July 18 Late 2023"]
[White "Arnold, Ken"]
[Black "Shuvalova, Polina"]
[WhiteFideId "2056836"]
[BlackFideId "24171760"]
[WhiteElo "2443"]
[BlackElo "2650"]
[Result "1-0"]
[Round "9"]
[TimeControl "180+2"]
[Date "2023.07.18"]
[WhiteClock "0:00:32"]
[BlackClock "0:00:29"]
[Board "54"]

1. d4 Nf6 2. Nf3 e6 3. c3 d5 4. Bf4 Bd6 5. e3 O-O 6. Bd3 b6 7. O-O c5 8. Nbd2 Ba6 9. Qe2 Bxd3 10. Qxd3 Nc6 11. Rfe1 Rc8 12. Re2 Re8 13. Bxd6 Qxd6 14. Rae1 e5 15. dxe5 Nxe5 16. Nxe5 Qxe5 17. Nf3 Qe6 18. h3 h6 19. Rd1 Rcd8 20. Nd2 h5 21. Qc2 Rd6 22. a4 Red8 23. a5 d4 24. cxd4 cxd4 25. Qa4 dxe3 26. Rxe3 Qf5 27. axb6 axb6 28. Qb4 Nd5 29. Re8+ Kh7 30. Rxd8 Rxd8 31. Qe4 Qg6 32. Qxg6+ Kxg6 33. Nc4 Rc8 34. Ne5+ Kf5 35. Rxd5 Ke6 36. Rb5 Rc1+ 37. Kh2 Rc2 38. Nd3 Rd2 39. Nf4+ Kd6 40. Rxb6+ Kc5 41. Rb3 g6 42. Rf3 Kc4 43. b3+ Kb4 44. h4 Rd7 45. g3 Ra7 46. Kg2 Kc5 47. Nh3 Kd4 48. Ng5 f5 49. Ne6+ Ke5 50. Nf4 Ra6 51. Re3+ Kd4 52. Re6 1-0


[Site "https://www.chess.com"]

[Event "Titled Tuesday Blitz July 18 Late 2023"]
[White "Schnaider, Ilan"]
[Black "JERO-8914"]
[WhiteFideId "169013"]
[WhiteElo "2641"]
[BlackElo "2498"]
[Result "0-1"]
[Round "9"]
[TimeControl "180+2"]
[Date "2023.07.18"]
[WhiteClock "0:00:03"]
[BlackClock "0:00:20"]
[Board "55"]

1. e4 c6 2. Nc3 d5 3. Nf3 Bg4 4. h3 Bxf3 5. Qxf3 e6 6. Be2 Nf6 7. d3 Nbd7 8. Bg5 h6 9. Bh4 Be7 10. O-O O-O 11. Rfe1 dxe4 12. dxe4 Ne5 13. Qe3 Ng6 14. Bg3 Qb6 15. Qxb6 axb6 16. Bd3 b5 17. f4 Bc5+ 18. Kh2 Nh5 19. f5 Ne7 20. fxe6 Nxg3 21. Kxg3 fxe6 22. Kh2 b4 23. Ne2 b5 24. Kh1 Ng6 25. c3 Ne5 26. Bc2 Rf2 27. Bb3 Nd3 28. Bxe6+ Kh8 29. Red1 Nxb2 30. Re1 Nd3 31. Red1 Nb2 32. Re1 Re8 33. Bf5 Rxf5 34. exf5 Bf2 35. Rf1 Rxe2 36. cxb4 Nc4 37. a4 bxa4 38. Rxa4 Ne3 39. Rc1 Nxf5 40. Ra8+ Kh7 41. Rf8 Ng3+ 42. Kh2 h5 43. Rc2 Rxc2 44. Rf3 h4 45. Rf4 Rc1 46. Rxh4+ Kg6 47. Rg4+ Kh7 48. Rh4+ Kg8 49. Rh8+ Kxh8 50. h4 Rh1# 0-1


[Site "https://www.chess.com"]

[Event "Titled Tuesday Blitz July 18 Late 2023"]
[White "Sos Andreu, Eric"]
[Black "Troff, Kayden"]
[WhiteFideId "22247017"]
[BlackFideId "2047896"]
[WhiteElo "2487"]
[BlackElo "2770"]
[Result "1-0"]
[Round "9"]
[TimeControl "180+2"]
[Date "2023.07.18"]
[WhiteClock "0:00:03"]
[BlackClock "0:00:06"]
[Board "56"]

1. d4 Nf6 2. c4 g6 3. Nc3 d5 4. cxd5 Nxd5 5. e4 Nxc3 6. bxc3 Bg7 7. Be3 c5 8. Nf3 Qa5 9. Nd2 Be6 10. Be2 O-O 11. O-O Na6 12. d5 Bd7 13. Nb3 Qxc3 14. Rc1 Qe5 15. Nxc5 Nxc5 16. Rxc5 Qxe4 17. Rc7 Rfd8 18. Rxb7 Bc6 19. Bf3 Qe5 20. dxc6 Rxd1 21. Rxd1 Rc8 22. c7 Bf8 23. Rc1 e6 24. g3 g5 25. h4 h6 26. hxg5 hxg5 27. Rxa7 Kh7 28. Ra8 Rxc7 29. Rxc7 Qxc7 30. Rxf8 Kg7 31. Ra8 Qe5 32. g4 f5 33. gxf5 Qxf5 34. Bg2 g4 35. Ra7+ Kg6 36. a4 g3 37. fxg3 e5 38. Bf2 Qc2 39. a5 Kf6 40. a6 Qc1+ 41. Bf1 e4 42. Bd4+ Ke6 43. Rb7 e3 44. Rb8 Kd5 45. Rd8+ Ke4 46. a7 e2 47. a8=Q+ Kd3 48. Qf3+ Kc2 49. Rc8+ Kd2 50. Qxe2# 1-0


[Site "https://www.chess.com"]

[Event "Titled Tuesday Blitz July 18 Late 2023"]
[White "Melnichuk, Mikhail"]
[Black "Quintiliano Pinto, Renato R."]
[WhiteFideId "14117533"]
[BlackFideId "2117568"]
[WhiteElo "2483"]
[BlackElo "2680"]
[Result "0-1"]
[Round "9"]
[TimeControl "180+2"]
[Date "2023.07.18"]
[WhiteClock "0:00:08"]
[BlackClock "0:00:57"]
[Board "57"]

1. Nf3 c5 2. c4 Nc6 3. d4 cxd4 4. Nxd4 Nf6 5. Nc3 e6 6. a3 Bc5 7. Nb3 Be7 8. g3 O-O 9. Bg2 b6 10. O-O Bb7 11. Bf4 a6 12. Bd6 Bxd6 13. Qxd6 Qb8 14. Rfd1 Rc8 15. Qxb8 Raxb8 16. Ne4 Nxe4 17. Bxe4 Ne5 18. Bd3 Nxc4 19. Bxc4 Rxc4 20. Rxd7 Bd5 21. Rc1 Rxc1+ 22. Nxc1 Rc8 23. Nd3 h5 24. f3 Rc2 25. Kf2 a5 26. Ke3 Bc4 27. b4 a4 28. Rb7 b5 29. Rb8+ Kh7 30. Rb7 f6 31. Nf4 e5 32. Nd3 Ra2 33. Nc5 Rxe2# 0-1


[Site "https://www.chess.com"]

[Event "Titled Tuesday Blitz July 18 Late 2023"]
[White "Rodriguez Fontecha, Marcos"]
[Black "Karttunen, Mika"]
[WhiteFideId "2256576"]
[BlackFideId "502081"]
[WhiteElo "2480"]
[BlackElo "2638"]
[Result "0-1"]
[Round "9"]
[TimeControl "180+2"]
[Date "2023.07.18"]
[WhiteClock "0:00:02"]
[BlackClock "0:00:06"]
[Board "58"]

1. e4 c5 2. Nc3 d6 3. g3 g6 4. Bg2 Bg7 5. d3 Nf6 6. h3 O-O 7. Be3 Nc6 8. Qd2 Re8 9. Nge2 Rb8 10. O-O b5 11. f4 b4 12. Nd1 Bb7 13. g4 Nd7 14. Ng3 Nd4 15. c3 bxc3 16. bxc3 Nb5 17. Rc1 Qa5 18. Ne2 Nb6 19. f5 d5 20. Bxc5 Nxc3 21. Rxc3 Na4 22. d4 Nxc3 23. Qxc3 Qxa2 24. Ng3 dxe4 25. Nxe4 Bd5 26. Ne3 Rb3 27. Qe1 Rb2 28. Rf2 Ba8 29. Rxb2 Qxb2 30. f6 exf6 31. Nc4 Qb5 32. Ncd6 Rxe4 33. Nxe4 Qd7 34. Nd6 Bxg2 35. Kxg2 Bf8 36. Qg3 a5 37. Qa3 a4 38. Ne4 Qc6 39. Kf3 f5 40. Bxf8 Qxe4+ 41. Kg3 f4+ 42. Kh4 f6 43. Be7 g5+ 44. Kh5 Qg6# 0-1


[Site "https://www.chess.com"]

[Event "Titled Tuesday Blitz July 18 Late 2023"]
[White "Begmuratov, Alisher"]
[Black "Rietze, Clemens, Dr."]
[WhiteFideId "14203367"]
[BlackFideId "24620351"]
[WhiteElo "2637"]
[BlackElo "2464"]
[Result "1-0"]
[Round "9"]
[TimeControl "180+2"]
[Date "2023.07.18"]
[WhiteClock "0:00:19"]
[BlackClock "0:00:00"]
[Board "59"]

1. e4 c5 2. b4 cxb4 3. a3 bxa3 4. Bxa3 d6 5. Nf3 Nf6 6. e5 dxe5 7. Nxe5 g6 8. Bb5+ Nbd7 9. O-O Bg7 10. Nxd7 Bxd7 11. Re1 Bxb5 12. Bxe7 Qxe7 13. Nc3 Bc6 14. Rxe7+ Kxe7 15. Qc1 Rhd8 16. Qa3+ Kd7 17. h3 Bf8 18. Qa5 b6 19. Qe5 Ne8 20. Qf4 Nd6 21. Re1 Re8 22. Ra1 Bg7 23. d4 Bb7 24. Rb1 Re7 25. Nd1 Re1+ 26. Kh2 Re4 27. Qg5 Bxd4 28. Ne3 Be5+ 29. Kg1 Re8 30. Rd1 Kc7 31. Qh6 Bh8 32. Qxh7 R4e5 33. Rxd6 Kxd6 34. Qxf7 Bd5 35. Nxd5 Re1+ 36. Kh2 R8e6 37. Nf4 Re7 38. Qxg6+ Kd7 39. g3 Be5 40. Qf5+ Kd6 41. Qd3+ Kc6 42. Qd5+ Kc7 43. Nd3 Re2 44. Kg2 Bd6 45. Qc4+ Kd7 46. Qd5 R2e4 47. c4 R4e6 48. c5 bxc5 49. Nxc5+ Kc7 50. Nxe6+ Rxe6 51. Qxe6 Kc6 52. Qc4+ Kb6 53. h4 Bc5 54. h5 1-0


[Site "https://www.chess.com"]

[Event "Titled Tuesday Blitz July 18 Late 2023"]
[White "Michalczak, Thomas"]
[Black "Omelja, Artem"]
[WhiteFideId "4622634"]
[BlackFideId "14119846"]
[WhiteElo "2463"]
[BlackElo "2634"]
[Result "0-1"]
[Round "9"]
[TimeControl "180+2"]
[Date "2023.07.18"]
[WhiteClock "0:00:21"]
[BlackClock "0:01:27"]
[Board "60"]

1. e4 e5 2. Nf3 Nc6 3. Bb5 a6 4. Ba4 Nf6 5. O-O b5 6. Bb3 Be7 7. Re1 d6 8. c3 O-O 9. h3 Na5 10. Bc2 c5 11. d4 Qc7 12. Nbd2 h6 13. d5 c4 14. Nf1 Nb7 15. a4 Bd7 16. axb5 axb5 17. Be3 Nc5 18. Ng3 Rfb8 19. Qd2 Nh7 20. Rab1 Bf8 21. Nh2 Nb3 22. Qe2 b4 23. Ng4 bxc3 24. bxc3 Ra2 25. Nh5 Nc5 26. Rxb8 Qxb8 27. Bxc5 dxc5 28. Qd1 Bxg4 29. hxg4 Qb2 30. Re2 Ra1 0-1


[Site "https://www.chess.com"]